 Dungeon Crawl Stone Soup version 0.24-a0-341-g52ca42d3ec (webtiles) character file.

Game seed: 10089235487797116611

163 Borgoz the Cudgeler (level 5, -10/32 HPs)
             Began as a Gargoyle Gladiator on May 20, 2019.
             Was an Initiate of Ashenzari.
             Killed by divine providence
             ... invoked by an orc priest
              (15 damage)
             ... on level 4 of the Dungeon.
             The game lasted 00:04:07 (2461 turns).

Borgoz the Cudgeler (Gargoyle Gladiator)            Turns: 2461, Time: 00:04:08

Health: -10/32     AC: 20    Str: 17    XL:     5   Next: 44%
Magic:  5/5        EV:  8    Int:  9    God:    Ashenzari [......]
Gold:   198        SH:  0    Dex: 12    Spells: 4/4 levels left

rFire    . . .     SeeInvis .   a - +0 flail
rCold    . . .     Gourm    .   (no shield)
rNeg     + . .     Faith    .   o - +0 chain mail
rPois    ∞         Spirit   .   c - +0 helmet
rElec    +         Reflect  .   l - +2 cloak
rCorr    .         Harm     .   m - +1 pair of gloves
MR       .....                  x - +0 pair of boots
Stlth    ..........             (no amulet)
HPRegen  0.10/turn              (no ring)
MPRegen  0.09/turn              (no ring)

@: slowed, very slow
A: negative energy resistance 1, electricity resistance, unbreathing,
petrification resistance, rot immunity, AC +4
a: Curse Item, Renounce Religion


You were on level 4 of the Dungeon.
You worshipped Ashenzari.
Ashenzari was noncommittal.
You were hungry.

You visited 1 branch of the dungeon, and saw 4 of its levels.

You collected 198 gold pieces.

Inventory:

Hand Weapons
 a - a +0 flail (weapon)
Missiles
 d - 3 throwing nets (quivered)
Armour
 c - a +0 helmet (worn)
 l - a +2 cloak (worn)
 m - a +1 pair of gloves (worn)
 o - a +0 chain mail (worn)
 x - a +0 pair of boots (worn)
Jewellery
 b - an uncursed ring of fire
Scrolls
 e - 2 scrolls of blinking {unknown}
 i - a scroll of enchant weapon {unknown}
 j - 2 scrolls of fog {unknown}
 p - a scroll of remove curse
 q - a scroll of enchant armour {unknown}
 r - 2 scrolls of immolation {unknown}
 t - a scroll of amnesia {unknown}
 u - a scroll of identify {unknown}
 w - 3 scrolls of teleportation {unknown}
Potions
 g - a potion of flight {unknown}
 h - a potion of heal wounds {unknown}
 k - 2 potions of might {unknown}
 n - a potion of cancellation {unknown}
 s - 3 potions of curing {unknown}
 v - 2 potions of brilliance {unknown}
 z - a potion of haste {unknown}
 B - a potion of berserk rage {unknown}
Comestibles
 f - 5 rations
 A - a chunk of flesh


   Skills:
 + Level 3.1 Fighting
 * Level 4.1 Maces & Flails
 - Level 1.7 Throwing
 + Level 2.0 Armour
 * Level 3.4 Dodging


You had 4 spell levels left.
You didn't know any spells.
Your spell library was empty.

Dungeon Overview and Level Annotations

Branches:
Dungeon (4/15)
 Temple: D:4-7

Altars:
Ashenzari
Cheibriados
Dithmenos
Elyvilon
Gozag
Nemelex Xobeh
Qazlal
Ru
Trog
Uskayaw


Innate Abilities, Weirdness & Mutations

You are resistant to torment.
Your stone body is resilient. (AC +4)
You are immune to poison.
You resist negative energy. (rN+)
You are resistant to electric shocks. (rElec)
You can survive without breathing.
You are immune to petrification.
You are immune to rotting.


Message History

An orc comes into view. It is wielding a +0 hand axe.
The orc shouts!
The orc priest shouts!
The orc wizard gestures wildly while chanting.
The orc wizard seems to speed up.
The orc priest invokes the aid of Beogh against you.
Beogh smites you!
Ouch! That really hurt!
You are too injured to fight recklessly!
You are too injured to fight recklessly!
The orc priest miscasts a cantrip.
The orc wizard casts a spell at you.
You feel yourself slow down.
You are feeling hungry.
The orc priest mumbles some strange prayers to Beogh against you.
Beogh smites you!
* * * LOW HITPOINT WARNING * * *
The orc wizard hits you but does no damage.
The orc priest invokes the aid of Beogh against you.
Beogh smites you!
You die...

#....# #.....#..##
#....# #.....#..##
#....# #.....#..^.
#....# #....†#....
#..o.# #.....#..##
#..oo# #.....'..##
#....# #.....#..##
#..oo######.....#.)##
#...@......######..#.
#.........<# ...##
#..........# #..##
#..........# #####
#####......# #
#......# #......#
#......#


You could see 2 orc priests, an orc wizard and 2 orcs.

Vanquished Creatures
  An iguana (D:4)
  A worker ant zombie (D:2)
  A gnoll (D:1)
  3 adders
  2 worms
  2 dart slugs (D:1)
  A leopard gecko (D:4)
  4 ball pythons
  5 bats
  3 giant cockroaches
  8 goblins
  14 hobgoblins
  10 jackals
  2 frilled lizards
  A jackal skeleton (D:3)
  11 kobolds
  5 rats
74 creatures vanquished.

Notes
Turn   | Place    | Note
-------+----------+-------------------------------------------
     0 | D:1      | Borgoz the Gargoyle Gladiator began the quest for the Orb.
     0 | D:1      | Reached XP level 1. HP: 12/12 MP: 1/1
   104 | D:1      | Reached XP level 2. HP: 7/18 MP: 2/2
   360 | D:1      | Reached skill level 1 in Armour
   360 | D:1      | Reached XP level 3. HP: 17/22 MP: 3/3
   443 | D:2      | Found a snail-covered altar of Cheibriados.
   443 | D:2      | Found a sparkling altar of Nemelex Xobeh.
   445 | D:2      | Found a bloodstained altar of Trog.
   461 | D:2      | Found a sacrificial altar of Ru.
   461 | D:2      | Found a shadowy altar of Dithmenos.
   461 | D:2      | Found a shattered altar of Ashenzari.
   476 | D:2      | Found a hide-covered altar of Uskayaw.
   477 | D:2      | Found a white marble altar of Elyvilon.
   480 | D:2      | Found an opulent altar of Gozag.
   481 | D:2      | Found a stormy altar of Qazlal.
   487 | D:2      | Became a worshipper of Ashenzari the Shackled
   718 | D:2      | Reached XP level 4. HP: 9/27 MP: 4/4
  1843 | D:3      | Reached XP level 5. HP: 30/32 MP: 5/5
  1902 | D:3      | Reached skill level 4 in Maces & Flails
  2078 | D:3      | Found a faded altar of an unknown god.
  2461 | D:4      | Killed from afar by an orc priest

Levels and vault maps discovered:
D:1:      giann_wishing_wells, layout_basic
D:2:      layout_basic, minitemple
D:3:      layout_basic, chequers_ecumenical_altar_simple
D:4:      layout_gridville, eino_tiny_chamber, minmay_misc_feat_rows

Skill      XL: |  1  2  3  4  5 |
---------------+----------------+-----
Armour         | 1 2 |  2.0
Dodging        | 3 |  3.4
Fighting       | 3 |  3.1
Maces & Flails | 4 |  4.1
Throwing       | |  1.7

Action                   |  1- 3 |  4- 6 || total
-------------------------+-------+-------++-------
Melee: Flail             |    90 |   189 ||   279
 Stab: Sleeping          |     1 |       ||     1
  Eat: Chunk             |       |     5 ||     5
Armor: Leather armour    |    68 |       ||    68
       Chain mail        |       |   169 ||   169
Dodge: Dodged            |    93 |   113 ||   206

Table legend:
 A = Non-vault XP
 B = Vault XP
 C = Vault XP percentage of total XP
 D = Non-vault monster count
 E = Vault monster count
 F = Vault count percentage of total count
                 A         B        C        D         E       F
            +---------+---------+-------+---------+---------+-------
      Total |     234 |       0 |   0.0 |      74 |       0 |   0.0
            +---------+---------+-------+---------+---------+-------
        D:1 |      70 |       0 |   0.0 |      31 |       0 |   0.0
        D:2 |      45 |       0 |   0.0 |      15 |       0 |   0.0
        D:3 |      68 |       0 |   0.0 |      25 |       0 |   0.0
        D:4 |      51 |       0 |   0.0 |       3 |       0 |   0.0
            +---------+---------+-------+---------+---------+-------
